 Dungeon Crawl Stone Soup version 0.30.0-5-g1a98f26d00 (webtiles) character file.

Game seed: 428094097489975469

135 hawla the Firebug (level 5, -4/38 HPs)
             Began as a Meteoran Fire Elementalist on May 10, 2023.
             Slain by a gnoll
             ... wielding a +0 halberd
             ... led by a gnoll bouda
              (14 damage)
             ... on level 4 of the Dungeon.
             The game lasted 00:03:57 (379 turns).

hawla the Firebug (Meteoran Fire Elementalist)       Turns: 379, Time: 00:03:59

Health: -4/38      AC:  2    Str:  9    XL:     5   Next: 70%
Magic:  7/12       EV: 13    Int: 18    God:
Gold:   76         SH:  0    Dex: 15    Spells: 9/12 levels left

rFire   . . .        i - +1 trident (freeze)
rCold   . . .        (no shield)
rNeg    . . .        a - +0 robe
rPois   .            (no helmet)
rElec   .            (no cloak)
rCorr   .            (no gloves)
SInv    .            (no boots)
Will    .....        (no amulet)
Stlth   +            (no ring)
HPRegen 0.26/turn    (no ring)
MPRegen 0.13/turn

%: no passive effects
@: glowing
A: sense surroundings 1, otherworldly, glowing, explore regen
a: no special abilities


You were on level 4 of the Dungeon.
You visited 1 branch of the dungeon, and saw 4 of its levels.

You collected 76 gold pieces.

Inventory:

Hand Weapons
 i - a +1 trident of freezing (weapon)
Armour
 a - a +0 robe (worn)
Potions
 b - a potion of magic
 d - a potion of ambrosia {unknown}
 e - a potion of heal wounds {unknown}
 h - a potion of degeneration {unknown}


   Skills:
 + Level 0.1 Fighting
 + Level 3.0 Dodging
 - Level 1.4 Stealth
 + Level 4.3 Spellcasting
 + Level 2.0 Conjurations
 + Level 5.3 Fire Magic


You had 9 spell levels left.
You knew the following spells:

 Your Spells              Type           Power      Damage    Failure   Level
a - Foxfire               Conj/Fire      68%        2x1d7     3%          1
b - Scorch                Fire           46%        2d6       2%          2

Your spell library contained the following spells:

 Spells                   Type           Power      Damage    Failure   Level
 Inner Flame              Hex/Fire       13%        N/A       14%         3
 Volatile Blastmotes      Fire/Tloc      26%        2d12      14%         3
 Flame Wave               Conj/Fire      17%        2d7       30%         4


Dungeon Overview and Level Annotations

Branches:
Dungeon (4/15) Zot: 2020
 Temple: D:4-7

Altars:

Annotations:
D:2 Sigmund
D:4 Menkaure


Innate Abilities, Weirdness & Mutations

You passively map a small area around you.
You are easily found by Zot.
You glow in the dark.
You regain HP and MP as you explore.


Message History

Confirm with . or Enter, or press ? or * to list all spells.
Flames lash the ogre.
The ogre is moderately wounded.
The ogre's fire resistance burns away.
The foxfire hits the gnoll.
The gnoll is severely wounded.
The foxfire hits the ogre.
The ogre is burned terribly!
The ogre is heavily wounded.
A gnoll comes into view. It is wielding a +0 flail.
The gnoll hits you from afar with a +0 spear.
Casting: Scorch (safe; 2% risk of failure)
Confirm with . or Enter, or press ? or * to list all spells.
You conjure some foxfire!
A kobold comes into view.
It is wielding a +2 short sword of electrocution.
The gnoll hits you from afar with a +0 spear.
Menkaure casts a spell.
Menkaure seems to speed up.
Casting: Foxfire (safe; 3% risk of failure)
Confirm with . or Enter, or press ? or * to list all spells.
You don't know that spell.
Casting: Foxfire (safe; 3% risk of failure)
Confirm with . or Enter, or press ? or * to list all spells.
You don't know that spell.
The foxfire hits the ufetubus.
The ufetubus is burned terribly!
The ufetubus is heavily wounded.
The foxfire hits the ball python.
You kill the ball python!
The gnoll hits you from afar with a +0 halberd.
You feel your willpower return. The ufetubus barely misses you. x2
The gnoll hits you with a +0 flail.
* * * LOW HITPOINT WARNING * * *
The gnoll closely misses you.
You barely miss the gnoll.
The ogre is no longer more vulnerable to fire.
The ufetubus misses you. The ufetubus closely misses you.
The ufetubus misses you. The ufetubus hits you.
* * * LOW HITPOINT WARNING * * *
The gnoll misses you.
The gnoll hits you from afar with a +0 halberd!
You die...

#########
#.g)g...#######
##.#####........
#...# #.####### *
#)g.# #gM.# ####. *
##...# #g#.#......
#...#####.O........
#.#....g@5#.#.####.
* *
.......####†....
.#.#.#.## #.###.#
#.#.....# ..# *.#
#,###.### #.# #
...# #K., , * *, #
,[.., , , , , **


You could see an ogre, Menkaure (fast), 3 gnolls and an ufetubus.

Vanquished Creatures
  A gnoll bouda (D:4)
  An orc priest (D:3)
  An orc wizard (D:3)
  2 adders
  4 orcs (D:3)
  2 bats
  An endoplasm (D:3)
  3 giant cockroaches
  4 goblins
  4 hobgoblins
  2 kobolds
  A quokka (D:2)
  2 ball pythons
  2 frilled lizards
  A rat (D:1)
  3 butterflies (D:1)
34 creatures vanquished.

Vanquished Creatures (others)
  64 foxfires
64 creatures vanquished.

Grand Total: 98 creatures vanquished

Notes
Turn   | Place    | Note
-------+----------+-------------------------------------------
     0 | D:1      | hawla the Meteoran Fire Elementalist began the quest for
                  | the Orb.
     0 | D:1      | Reached XP level 1. HP: 14/14 MP: 5/5
    37 | D:1      | Reached XP level 2. HP: 20/20 MP: 0/6
    55 | D:2      | Reached skill level 4 in Fire Magic
    65 | D:2      | Noticed Sigmund
    73 | D:2      | Learned a level 2 spell: Scorch
   186 | D:2      | Reached XP level 3. HP: 26/26 MP: 4/8
   218 | D:3      | Reached XP level 4. HP: 33/33 MP: 2/10
   310 | D:3      | Reached skill level 5 in Fire Magic
   332 | D:3      | Reached XP level 5. HP: 38/38 MP: 4/12
   357 | D:4      | Noticed Menkaure
   371 | D:4      | Noticed an ogre
   379 | D:4      | Slain by a gnoll

Illustrated notes

Levels and vault maps discovered:
D:1:      spicycebolla_arrival_clurvy, layout_basic, serial_shops, shop,
          ebering_ecumenical_altar_webs
D:2:      layout_loops_ring, minmay_misc_feat_chi, minivault_14,
          item_on_display_a, uniq_natasha, uniq_sigmund, uniq_robin,
          uniq_terence
D:3:      cheibrodos_fertilizer, layout_loops_cross,
          nicolae_yredelemnul_corpse_copse
D:4:      layout_loops_ring, minmay_temple_entry_glass, portal_sewer_entry_d,
          minivault_26, uniq_menkaure

Skill      XL: |  1  2  3  4  5 |
---------------+----------------+-----
Fire Magic     | 4 5 |  5.3
Spellcasting   | 3 4 |  4.3
Dodging        | 3 |  3.0
Conjurations   | 2 |  2.0
Fighting       | |  0.1
Stealth        | |  1.4

Action                     |  1- 3 |  4- 6 || total
---------------------------+-------+-------++-------
  Melee: Unarmed           |     1 |     2 ||     3
         Trident           |       |     2 ||     2
   Cast: Foxfire           |    23 |    15 ||    38
         Scorch            |     4 |     7 ||    11
    Use: Scroll            |       |     3 ||     3
 Armour: Robe              |     3 |     2 ||     5
  Dodge: Dodged            |     4 |     9 ||    13
